 Dungeon Crawl Stone Soup version 0.31-a0-174-g85c54bcb58 (webtiles) character file.

Game seed: 12132321040005806731

58 qw the Shooter (level 4, -1/28 HPs)
             Began as a Gargoyle Hunter on June 15, 2023.
             Slain by a gnoll
             ... wielding a +2 spear of freezing
              (3 damage)
             ... on level 2 of the Dungeon.
             The game lasted 00:00:23 (814 turns).

qw the Shooter (Gargoyle Hunter)                     Turns: 814, Time: 00:00:24

Health: -1/28      AC:  8    Str: 14    XL:     4   Next: 2%
Magic:  4/4        EV: 10    Int: 10    God:
Gold:   38         SH:  0    Dex: 15    Spells: 3/3 levels left

rFire   . . .        Y - +0 shortbow
rCold   . . .        (shield currently unavailable)
rNeg    + . .        b - +0 ring mail
rPois   inf          (no helmet)
rElec   +            (no cloak)
rCorr   .            (no gloves)
SInv    .            (no boots)
Will    .....        (no amulet)
Stlth   +            (no ring)
HPRegen 0.24/turn    (no ring)
MPRegen 0.09/turn

%: no passive effects
@: no status effects
A: sickness immunity, AC +3, negative energy resistance 1, electricity
resistance, torment resistance 1, petrification resistance
a: no special abilities


You were on level 2 of the Dungeon.
You visited 1 branch of the dungeon, and saw 2 of its levels.

You collected 38 gold pieces.


Innate Abilities, Weirdness & Mutations

You are immune to sickness and miasma.
Your stone body is resilient. (AC +3)
You are immune to poison.
You resist negative energy. (rN+)
You are resistant to electric shocks. (rElec)
You are resistant to unholy torment.
You are immune to petrification.


   Skills:
 - Level 3.0 Fighting
 + Level 5.0 Ranged Weapons
 - Level 1.0 Armour
 - Level 1.5 Dodging
 - Level 1.1 Stealth


You had 3 spell levels left.
You didn't know any spells.
Your spell library was empty.

Inventory:

Hand Weapons
 Y - a +0 shortbow (weapon)
Armour
 b - a +0 ring mail (worn)
Scrolls
 a - a scroll of revelation {unknown}
Potions
 c - a potion of curing {unknown}
 e - a potion of mutation {unknown}

Dungeon Overview and Level Annotations

Branches:
Dungeon (2/15)

Altars:


Message History

Found a runed helmet and a club.
Enter note:
Enter note: You shoot an arrow.
The gnoll shouts!
The arrow hits the rat.
You kill the rat!
The gnoll throws a throwing net.
The throwing net closely misses you.
Your Armour skill increases to level 1!
You shoot an arrow. The arrow hits the gnoll.
The gnoll is moderately wounded.
The gnoll throws a throwing net.
The throwing net misses you.
A gnoll comes into view. It is wielding a +2 spear of freezing.
You shoot an arrow. The arrow hits the gnoll.
The gnoll is heavily wounded.
You shoot an arrow. The arrow hits the gnoll.
The gnoll is severely wounded.
You shoot an arrow. The arrow hits the gnoll!
You kill the gnoll!
You shoot an arrow. The arrow hits the gnoll!
The gnoll is severely wounded.
The gnoll barely misses you.
The gnoll hits you from afar with a +0 spear.
You shoot an arrow. The arrow hits the gnoll.
You kill the gnoll!
A gnoll comes into view. It is wielding a +0 flail.
Your Fighting skill increases to level 3!
You have reached level 4!
You feel clever.
You shoot an arrow. The arrow barely misses the gnoll.
The gnoll shouts!
The gnoll hits you from afar with a +2 spear of freezing.
The gnoll freezes you.
You shoot an arrow. The arrow closely misses the gnoll.
The gnoll hits you from afar with a +2 spear of freezing!
The gnoll freezes you. The gnoll closely misses you.
You shoot an arrow. The arrow hits the gnoll.
The gnoll is moderately wounded.
The gnoll hits you from afar with a +2 spear of freezing.
The gnoll freezes you.
You die...

#).......#
........#
.......#
...g..# [%...
g). #'# #@#
#.#####
.#######.#...#
.........#.#.#
.#######...#.#
#####.# ###
#.# ..# #.#
#.# #.# #.#


You could see 2 gnolls.

Vanquished Creatures
  2 gnolls (D:2)
  A worm (D:2)
  3 dart slugs (D:1)
  3 ball pythons
  3 giant cockroaches (D:1)
  4 goblins
  4 quokkas
  3 bats
  A frilled lizard (D:1)
  A kobold (D:1)
  5 rats
30 creatures vanquished.

Notes
Turn   | Place    | Note
-------+----------+-------------------------------------------
     0 | D:1      | qw the Gargoyle Hunter began the quest for the Orb.
     0 | D:1      | Reached XP level 1. HP: 12/12 MP: 1/1
     0 | D:1      | 0 ||| qw: Version: 0.2-a-29-g511e9b1
     0 | D:1      | 0 ||| qw: Game counter: 5160
     0 | D:1      | 0 ||| qw: Always use a shield: true
     0 | D:1      | 0 ||| qw: God list: Okawaru
     0 | D:1      | 0 ||| qw: Allow faded altars: false
     0 | D:1      | 0 ||| qw: Do Orc after D:15 true
     0 | D:1      | 0 ||| qw: Do second Lair branch before Depths: true
     0 | D:1      | 0 ||| qw: Lair rune preference: random
     0 | D:1      | 0 ||| qw: Plans: Normal, Zot:1-4, Slime:5, God:TSO, Crypt,
                  | Tomb, Abyss, Pan, Hells, Win
     0 | D:1      | 0 ||| PLANNING D:1-11
    79 | D:1      | 79 ||| READING scroll labelled QURHIJ NEUSCHIM.
    81 | D:1      | 81 ||| DROPPING scroll of butterflies.
   150 | D:1      | Reached XP level 2. HP: 17/17 MP: 2/2
   160 | D:1      | Found a faded altar of an unknown god.
   282 | D:1      | 282 ||| Stepping ~*~*~tactically~*~*~ (outnumbered).
   311 | D:1      | Reached XP level 3. HP: 21/21 MP: 3/3
   345 | D:1      | Reached skill level 5 in Ranged Weapons
   576 | D:1      | 576 ||| UPGRADING to +0 ring mail.
   586 | D:1      | 586 ||| DROPPING +0 leather armour.
   587 | D:1      | 587 ||| READING 3 scrolls labelled TOGAITOUFFI.
   588 | D:1      | 588 ||| DROPPING 2 scrolls of amnesia.
   806 | D:2      | Reached skill level 1 in Armour
   812 | D:2      | Reached skill level 3 in Fighting
   812 | D:2      | Reached XP level 4. HP: 23/28 MP: 4/4
   813 | D:2      | HP: 7/28 [gnoll/+2 spear of freezing (3)]
   814 | D:2      | HP: 2/28 [gnoll/+2 spear of freezing (5)]
   814 | D:2      | Slain by a gnoll

Levels and vault maps discovered:
D:1:      minmay_arrival_shattered_statue, layout_loops_ring,
          ebering_ecumenical_altar_ruins, st_stairs_2, grunt_decor_cap
D:2:      layout_basic

Skill      XL: |  1  2  3 |
---------------+----------+-----
Ranged Weapons | 5 |  5.0
Armour         | 1 |  1.0
Fighting       | 3 |  3.0
Dodging        | |  1.5
Stealth        | |  1.1

Action                     |  1- 3 |  4- 6 || total
---------------------------+-------+-------++-------
   Fire: Shortbow          |    86 |     3 ||    89
    Use: Scroll            |     2 |       ||     2
 Armour: Leather armour    |    12 |       ||    12
  Dodge: Dodged            |    26 |     1 ||    27

Table legend:
 A = Non-vault XP
 B = Vault XP
 C = Vault XP percentage of total XP
 D = Non-vault monster count
 E = Vault monster count
 F = Vault count percentage of total count
                 A         B        C        D         E       F
            +---------+---------+-------+---------+---------+-------
      Total |      80 |       4 |   4.8 |      28 |       2 |   6.7
            +---------+---------+-------+---------+---------+-------
        D:1 |      38 |       4 |   9.5 |      20 |       2 |   9.1
        D:2 |      42 |       0 |   0.0 |       8 |       0 |   0.0
            +---------+---------+-------+---------+---------+-------
